 Dungeon Crawl Stone Soup version 0.19-a0-231-gae044c8 (webtiles) character file.

268 oplop the Sneak (level 6, 0/47 HPs)
             Began as a Vampire Assassin on May 25, 2016.
             Slain by a giant frog (4 damage)
             ... on level 4 of the Dungeon.
             The game lasted 00:04:14 (3058 turns).

oplop the Sneak (Vampire Assassin)                  Turns: 3058, Time: 00:04:15

Health: 0/47       AC:  7    Str: 10    XL:     6   Next: 0%
Magic:  6/6        EV: 20    Int: 14    God:
Gold:   150        SH:  0    Dex: 22    Spells: 0 memorised, 5 levels left

rFire  . . .     SeeInvis +     b - +0 blowgun
rCold  + . .     Gourm    .     c - +0 robe
rNeg   + + .     Faith    .     (no shield)
rPois  +         Spirit   .     g - +0 helmet (curse)
rElec  .         Dismiss  .     d - +0 cloak
rCorr  .         Reflect  .     m - +0 pair of gloves
SustAt .         Harm     .     o - +1 pair of boots
MR     .....                    (no amulet)
Stlth  ++++++....               (no ring)
                                (no ring)

@: agile, regenerating slowly, not resistant to hostile enchantments, very
stealthy
A: fangs 3, see invisible, unbreathing
a: Bat Form


You were on level 4 of the Dungeon.
You were very thirsty.

You visited 1 branch of the dungeon, and saw 4 of its levels.

You collected 150 gold pieces.

Inventory:

Hand Weapons
 a - a +2 dagger
 b - a +0 blowgun (weapon)
Missiles
 e - 14 poisoned needles (quivered)
 f - 2 curare-tipped needles
 l - 3 javelins
 v - 3 throwing nets
Armour
 c - a +0 robe (worn)
 d - a +0 cloak (worn)
 g - a cursed +0 helmet (worn)
 m - a +0 pair of gloves (worn)
 o - a +1 pair of boots (worn)
Scrolls
 h - 2 scrolls of fog {unknown}
 j - a scroll of recharging {unknown}
 p - 3 scrolls of remove curse {unknown}
 q - 7 scrolls of identify {unknown}
 r - 2 scrolls of enchant armour {unknown}
 s - 3 scrolls of teleportation {unknown}
 u - a scroll of immolation {unknown}
Potions
 i - 4 potions of agility
 k - a potion of lignification
 n - a potion of degeneration {unknown}
 t - a potion of berserk rage {unknown}
 w - a potion of invisibility {unknown}
 x - a potion of mutation {unknown}


   Skills:
 + Level 3.1 Fighting
 + Level 3.7 Short Blades
 - Level 1.7 Throwing
 + Level 3.5 Dodging
 + Level 7.3 Stealth


You had 5 spell levels left.
You didn't know any spells.

Dungeon Overview and Level Annotations

Branches:
Dungeon (4/15)
 Temple: D:4-7

Altars:
Gozag
Qazlal


Innate Abilities, Weirdness & Mutations

You heal slowly.
You have razor-sharp teeth.
You have supernaturally acute eyesight. (SInv)
You can survive without breathing.


Message History

You shoot a poisoned needle.
The poisoned needle barely misses the giant frog.
The giant frog barely misses you. The giant frog completely misses you.
Firing (i - inventory. (,) - cycle):
e - 15 poisoned needles (quivered)
Press: ? - help, Shift-Dir - straight line, f/p - giant frog
Aim: a giant frog (lightly wounded, poisoned)
You shoot a poisoned needle.
The poisoned needle hits the giant frog.
The giant frog looks even sicker.
The giant frog is lightly wounded.
The giant frog hits you.
* * * LOW HITPOINT WARNING * * *
Drink which item? (? for menu, Esc to quit)
It was a potion of lignification.
You feel woody for a moment. The giant frog closely misses you.
The giant frog misses you.
Drink which item? (? for menu, Esc to quit)
It was a potion of agility.
You feel agile all of a sudden. The giant frog hits you.
You die...

######..##.......#
#<#........((....#
#.#.##.#.##......#
#.#.##...##......#
#.#.####.###'#####
#.............#
###.###..###..#
#.###..###F.# #.........@.#
#####..###..# #.........#
#.#..###.##
###.#######################
#..........................
###########################


You could see a giant frog.

Vanquished Creatures
  A centaur (D:3)
  An orc priest (D:3)
  An orc wizard (D:3)
  An iguana (D:4)
  4 adders
  An ooze (D:1)
  2 worms (D:3)
  3 dart slugs
  2 giant geckos
  6 orcs (D:3)
  A giant cockroach (D:2)
  7 goblins
  7 hobgoblins
  A quokka (D:2)
  2 ball pythons (D:2)
  6 bats
  6 kobolds
  5 rats
57 creatures vanquished.

Notes
Turn   | Place    | Note
--------------------------------------------------------------
     0 | D:1      | oplop the Vampire Assassin began the quest for the Orb.
     0 | D:1      | Reached XP level 1. HP: 16/16 MP: 1/1
   173 | D:1      | Reached XP level 2. HP: 20/22 MP: 2/2
   527 | D:1      | Reached skill level 6 in Stealth
   926 | D:2      | Reached XP level 3. HP: 15/27 MP: 3/3
  1221 | D:2      | Found a stormy altar of Qazlal.
  1227 | D:2      | Noticed a fire elemental
  1230 | D:2      | Noticed an earth elemental
  1230 | D:2      | Noticed a water elemental
  1230 | D:2      | Noticed an air elemental
  1647 | D:3      | Noticed a centaur
  1654 | D:3      | Killed a centaur
  1654 | D:3      | Reached XP level 4. HP: 34/34 MP: 4/4
  1654 | D:3      | Reached XP level 5. HP: 40/40 MP: 5/5
  1738 | D:3      | Reached skill level 7 in Stealth
  1877 | D:3      | Found an opulent altar of Gozag.
  2907 | D:4      | Reached XP level 6. HP: 13/47 MP: 6/6
  3058 | D:4      | Slain by a giant frog

Vault maps used:
D:1:      mrwooster_arrival_statue_2, hex_medium
D:2:      nicolae_qazlal_style_of_elements
D:3:      nicolae_gozag_seed_capital
D:4:      kennysheep_mini_moat, grunt_ministairs_14, nrook_mini_backslash

Skill      XL: |  1  2  3  4  5 |
---------------+----------------+-----
Fighting       | 2 3 |  3.1
Stealth        | 6 7 |  7.3
Dodging        | 2 3 |  3.5
Short Blades   | 3 |  3.7
Throwing       | |  1.7

Action                   |  1- 3 |  4- 6 || total
-------------------------+-------+-------++-------
Melee: Dagger            |    74 |    72 ||   146
       Bite              |     4 |     5 ||     9
 Fire: Blowgun           |       |    13 ||    13
 Abil: End Transformatio |       |     4 ||     4
       Bat Form          |       |     4 ||     4
  Use: Potion            |       |     3 ||     3
 Stab: Sleeping          |    18 |    10 ||    28
       Distracted        |       |     1 ||     1
Armor: Robe              |     7 |    17 ||    24
Dodge: Dodged            |    33 |    60 ||    93
